AoeStats
← LE | WilliamS

Arabian Desert

510384525Analyzed
1v1 RM · 19h ago on Sep 30, 2026· 42m 57s· 2 players
Game mode
Random Map
Map size
Tiny (2 player)
Population
200
Speed
Normal
Resources
Standard
Victory
Conquest
Starting age
Dark Age
Ending age
Imperial Age
RankedLock teamsTeams togetherTeam positionsShared explorationLock speedFull tech treeHidden civsTurbo modeCheats
Victory
Defeat
🇵🇪 Chinese · Peru
2327
+21
🇩🇪 Danes · Germany
2449
-21
LE | WilliamS
0:25 Loom
9:01 Feudal Age
10:02 Double-Bit Axe
11:18 Horse Collar
18:20 Fletching
19:13 Wheelbarrow
22:24 Castle Age
21:40 Bloodlines
21:43 Forging
21:43 Gold Mining
22:11 Scale Barding Armor
23:29 Chain Barding Armor
22:40 Crossbowman
23:53 Bow Saw
25:17 Bodkin Arrow
31:24 Ballistics
32:11 Hand Cart
32:02 Town Watch
32:17 Town Watch
33:08 Gold Shaft Mining
37:09 Imperial Age
35:16 Heavy Plow
35:07 Stone Mining
36:22 Thumb Ring
36:52 Padded Archer Armor
37:54 Stone Shaft Mining
37:22 Arbalester
38:03 Bracer
39:06 Chemistry
37:50 Light Cavalry
38:30 Husbandry
40:40 Iron Casting
42:10 Plate Barding Armor
NOC | Mati
5:53 Loom
8:53 Feudal Age
8:53 Man-at-Arms
9:39 Arson
14:21 Fletching
20:04 Castle Age
18:28 Double-Bit Axe
19:02 Horse Collar
19:43 Scale Mail Armor
20:44 Bodkin Arrow
22:41 Squires
23:05 Gambesons
23:30 Town Watch
24:44 Wheelbarrow
23:43 Elite Skirmisher
27:17 Sanctity
27:56 Chain Mail Armor
28:44 Padded Archer Armor
32:39 Hand Cart
33:41 Leather Archer Armor
34:41 Ballistics
36:22 Forging
41:19 Imperial Age
39:10 Masonry
39:30 Stone Mining
39:32 Gold Mining
39:44 Heavy Plow
39:55 Bow Saw
42:01 Bracer
43:03 Chemistry
Connection lost

Rejoining the realm…

Still unreachable

The connection could not be restored.

Session expired

The server has moved on; the page needs a fresh start.